 Dungeon Crawl Stone Soup version 0.19-a0-1697-g0595f0e (webtiles) character file.

392 Djon the Cudgeler (level 6, 0/37 HPs)
             Began as a Gargoyle Fighter on Sept 26, 2016.
             Slain by a kobold
             ... wielding a +0 whip
              (2 damage)
             ... on level 3 of the Dungeon.
             The game lasted 00:06:30 (2333 turns).

Djon the Cudgeler (Gargoyle Fighter)                Turns: 2333, Time: 00:06:32

Health: 0/37       AC: 12    Str: 22    XL:     6   Next: 81%
Magic:  6/6        EV:  7    Int:  8    God:
Gold:   168        SH:  9    Dex:  9    Spells: 0 memorised, 5 levels left

rFire  + . .     SeeInvis .     a - +1 flail
rCold  + . .     Gourm    .     b - +0 scale mail
rNeg   + . .     Faith    .     c - +0 shield
rPois  ∞         Spirit   .     (no helmet)
rElec  +         Dismiss  .     (no cloak)
rCorr  +         Reflect  .     (no gloves)
MR     .....     Harm     .     (no boots)
Stlth  ..........               (no amulet)
                                (no ring)
                                h - ring of wizardry

@: resistant, very slightly contaminated, hasted, very quick
A: negative energy resistance 1, electricity resistance, unbreathing,
petrification resistance, rot immunity, AC +4
a: no special abilities


You were on level 3 of the Dungeon.
You were not hungry.

You visited 1 branch of the dungeon, and saw 3 of its levels.

You collected 168 gold pieces.

Inventory:

Hand Weapons
 a - a +1 flail (weapon)
 w - a +0 blowgun
Missiles
 o - a throwing net (quivered)
 x - 11 poisoned needles
Armour
 b - a +0 scale mail (worn)
 c - a +0 shield (worn)
Jewellery
 h - a ring of wizardry (left hand)
 t - an uncursed ring of protection from fire {unknown}
Wands
 r - a wand of teleportation (0/9)
Scrolls
 g - a scroll of recharging {unknown}
 i - a scroll of random uselessness
 p - a scroll of identify {unknown}
 s - a scroll of teleportation {unknown}
Comestibles
 f - a bread ration
 j - 9 fruits
 v - 3 chunks of flesh
 z - a slice of pizza


   Skills:
 - Level 3.2 Fighting
 + Level 7.0 Maces & Flails
 - Level 3.2 Armour
 - Level 3.2 Shields


You had 5 spell levels left.
You didn't know any spells.

Dungeon Overview and Level Annotations

Branches:
Dungeon (3/15)

Altars:
Xom


Innate Abilities, Weirdness & Mutations

You are resistant to torment.
Your stone body is resilient. (AC +4)
You are immune to poison.
You resist negative energy. (rN+)
You are resistant to electric shocks. (rElec)
You can survive without breathing.
You are immune to petrification.
You are immune to rotting.


Message History

The goblin hits you but does no damage. The big kobold hits you.
* * * LOW HITPOINT WARNING * * *
As you read the scroll labeled BALLAB DUFFUI, it crumbles to dust.
It is a scroll of enchant weapon.
Your +0 flail glows red for a moment.
You block the gnoll's attack.
The hobgoblin hits you but does no damage.
The goblin hits you but does no damage. You block the kobold's attack.
You block the hobgoblin's attack. The goblin hits you but does no damage.
As you read the scroll labeled WAYMOC NAEXEH, it crumbles to dust.
You feel blessed for a moment.
It was a scroll of remove curse.
You block the goblin's attack.
The hobgoblin hits you but does no damage.
You block the big kobold's attack.
The hobgoblin hits you but does no damage.
The gnoll hits you but does no damage.
As you read the scroll labeled GANGEDW LUSUM, it crumbles to dust.
The creatures around you are filled with an inner flame!
It was a scroll of immolation.
You block the goblin's attack. The kobold hits you with a whip.
You die...

######## #########
#.ggK..## ##.....#..
#gg@gg.(###......'..
##gKggg...#.......###
#...g.g..(..#..........
#...........'..........
#..........(#..........
#'##........#.......###
#..
#.......###......'.. ≈≈
#. #......## ##.....#..
#≈≈≈≈≈≈≈#
####################


You could see a big kobold (inner flame), 2 gnolls, 5 hobgoblins, 5 goblins and
a kobold (inner flame).

Vanquished Creatures
  A big kobold (D:3)
  An orc wizard (D:3)
  Jessica (D:3)
  10 gnolls (D:3)
  2 adders
  2 worms (D:2)
  3 dart slugs (D:1)
  5 leopard geckos
  3 orcs (D:3)
  3 bats
  3 giant cockroaches
  34 goblins
  23 hobgoblins
  7 jackals
  6 kobolds
  3 quokkas
  2 ball pythons
  2 frilled lizards (D:1)
  14 rats
125 creatures vanquished.

Notes
Turn   | Place    | Note
-------+----------+-------------------------------------------
     0 | D:1      | Djon the Gargoyle Fighter began the quest for the Orb.
     0 | D:1      | Reached XP level 1. HP: 14/14 MP: 1/1
   114 | D:1      | Reached XP level 2. HP: 19/19 MP: 2/2
   170 | D:1      | Reached skill level 3 in Maces & Flails
   184 | D:1      | Found a shimmering altar of Xom.
   330 | D:1      | Reached XP level 3. HP: 20/23 MP: 3/3
   812 | D:2      | Reached skill level 4 in Maces & Flails
   946 | D:2      | Reached XP level 4. HP: 19/28 MP: 4/4
  1441 | D:3      | Noticed Jessica
  1450 | D:3      | Killed Jessica
  1450 | D:3      | Reached skill level 5 in Maces & Flails
  1450 | D:3      | Reached XP level 5. HP: 32/32 MP: 5/5
  2128 | D:3      | Reached skill level 6 in Maces & Flails
  2166 | D:3      | Reached XP level 6. HP: 37/37 MP: 6/6
  2306 | D:3      | HP: 1/37 [goblin (1)]
  2318 | D:3      | Reached skill level 7 in Maces & Flails
  2330 | D:3      | HP: 1/37 [big kobold (3)]
  2333 | D:3      | Slain by a kobold

Vault maps used:
D:1:      denvon_arrival_hothouse, kennysheep_another_room, xom_teletrap_fun
D:2:      grunt_ministairs_3
D:3:      minmay_goblin_kobold_castle, serial_bayou_pond_d, uniq_jessica

Skill      XL: |  1  2  3  4  5  6 |
---------------+-------------------+-----
Maces & Flails | 3 4 5 6 7 |  7.0
Fighting       | |  3.2
Armour         | |  3.2
Shields        | |  3.2

Action                   |  1- 3 |  4- 6 || total
-------------------------+-------+-------++-------
Melee: Flail             |   153 |   333 ||   486
Evoke: Wand              |       |     2 ||     2
  Use: Potion            |       |     6 ||     6
       Scroll            |       |     4 ||     4
  Eat: Chunk             |       |     6 ||     6
Armor: Scale mail        |    80 |   344 ||   424
Dodge: Dodged            |    44 |   197 ||   241
Block: Shield            |    78 |   244 ||   322
